 Dungeon Crawl Stone Soup version 0.30.0-18-gc0e69614cb (webtiles) character file.

Game seed: 17844068716970512436

665 croobank the Insei (level 7, 0/53 HPs)
             Began as a Gnoll Transmuter on May 23, 2023.
             Was an Initiate of Qazlal.
             Slain by Crazy Yiuf
             ... wielding a +4 quarterstaff of chaos
              (10 damage)
             ... on level 5 of the Dungeon.
             The game lasted 00:15:23 (5416 turns).

croobank the Insei (Gnoll Transmuter)               Turns: 5416, Time: 00:15:24

Health: 0/53       AC:  2    Str:  9    XL:     7   Next: 57%
Magic:  15/15      EV: 13    Int: 21    God:    Qazlal [......]
Gold:   31         SH:  0    Dex: 12    Spells: 7/17 levels left

rFire   . . .        a - +2 whip (venom)
rCold   . . .        (no shield)
rNeg    . . .        f - +0 robe
rPois   .            (helmet currently unavailable)
rElec   .            (no cloak)
rCorr   .            (no gloves)
SInv    .            (boots currently unavailable)
Will    +....        (no amulet)
Stlth   ++           p - +6 ring of intelligence
HPRegen 0.28/turn    B - ring of willpower
MPRegen 0.14/turn

%: no passive effects
@: appendages
A: horns 2, talons 2, fangs 1, strong nose, distributed training
a: End Transformation, Renounce Religion


You were on level 5 of the Dungeon.
You worshipped Qazlal.
Qazlal was noncommittal.
You had temporarily grown beastly horns and talons.
You visited 2 branches of the dungeon, and saw 6 of its levels.

You collected 251 gold pieces.
You spent 220 gold pieces at shops.

Inventory:

Hand Weapons
 a - a +2 whip of venom (weapon)
 b - a +0 sling
 d - a +0 dagger
 h - a +1 whip of draining
 i - a +0 morningstar
 r - a +0 war axe
 s - a +0 scythe
 F - a +2 mace of protection
Missiles
 c - 4 javelins
 m - 5 poisoned darts
Armour
 f - a +0 robe (worn)
Magical Staves
 z - a staff of poison
Jewellery
 p - a +6 ring of intelligence (left hand)
 w - an amulet of faith
 B - a ring of willpower (right hand)
Scrolls
 g - 2 scrolls of teleportation
 l - a scroll of silence {unknown}
 n - a scroll of brand weapon {unknown}
 o - a scroll of fear {unknown}
 t - 2 scrolls of poison {unknown}
 x - 2 scrolls of enchant weapon {unknown}
 y - 2 scrolls of amnesia {unknown}
 A - 5 scrolls of identify
 D - a scroll of vulnerability {unknown}
 E - 2 scrolls of fog {unknown}
Potions
 e - a potion of invisibility
 j - a potion of lignification
 k - a potion of attraction
 q - 2 potions of curing
 u - a potion of brilliance
 v - a potion of might {unknown}
 C - a potion of berserk rage
 G - a potion of flight {unknown}


   Skills:
 + Level 3.8 Fighting
 + Level 2.7 Short Blades
 + Level 2.7 Long Blades
 + Level 2.7 Axes
 + Level 2.7 Maces & Flails
 + Level 2.7 Polearms
 + Level 2.7 Staves
 + Level 2.7 Ranged Weapons
 + Level 2.7 Throwing
 + Level 2.7 Armour
 + Level 5.3 Dodging
 + Level 2.7 Stealth
 + Level 2.7 Shields
 + Level 7.1 Unarmed Combat
 + Level 5.7 Spellcasting
 + Level 2.2 Conjurations
 + Level 2.2 Hexes
 + Level 2.2 Summonings
 + Level 2.2 Necromancy
 + Level 2.2 Translocations
 + Level 4.4 Transmutations
 + Level 2.2 Fire Magic
 + Level 2.2 Ice Magic
 + Level 2.2 Air Magic
 + Level 2.2 Earth Magic
 + Level 2.2 Poison Magic
 + Level 3.0 Invocations
 + Level 2.7 Evocations


You had 7 spell levels left.
You knew the following spells:

 Your Spells              Type           Power      Damage    Failure   Level
a - Beastly Appendage     Tmut           48%        N/A       1%          1
b - Wereblood             Tmut           24%        N/A       2%          2
c - Spider Form           Tmut/Pois      19%        N/A       8%          3
d - Ice Form              Ice/Tmut       19%        N/A       26%         4

Your spell library contained the following spells:

 Spells                   Type           Power      Damage    Failure   Level
 Passwall                 Tmut/Erth      15%        N/A       3%          2
 Sandblast                Erth           30%        2d9       4%          1
 Ozocubu's Armour         Ice            15%        N/A       12%         3
 Stone Arrow              Conj/Erth      30%        3d8       12%         3
 Ozocubu's Refrigeration  Ice            7%         4d9       100%        7


Dungeon Overview and Level Annotations

Branches:
Dungeon (5/15)             Temple (1/1) D:5

Altars:
Ashenzari
Cheibriados
Dithmenos
Elyvilon
Fedhas
Gozag
Hepliaklqana
Kikubaaqudgha
Okawaru
Qazlal
Wu Jian
Xom
The Shining One

Shops:
D:1 *=((!

Annotations:
D:5 Crazy Yiuf


Innate Abilities, Weirdness & Mutations

You have temporarily grown beastly horns and talons.
You have very sharp teeth.
Your uncanny sense of smell can sniff out nearby items.
Your experience applies equally to all skills.


Message History

What are your orders? t - Bark!
Orders for allies: a - Attack new target. r - Retreat! s - Stop attacking. g - Guard the area. f - Follow me.
Anything else - Cancel.
Gang up on whom?
Press: ? - help, Dir - move target, f - Crazy Yiuf
Aim: Crazy Yiuf, wielding a +4 quarterstaff of chaos, wearing a +0 cloak of preservation and carrying a wand of flame (29) (asleep, fire blocked by a runed translucent door)
Okay, then.
Crazy Yiuf shouts!
You open the door.
Crazy Yiuf grits, "Adder disdain tortoise!"
Casting: Wereblood (safe; 2% risk of failure)
Confirm with . or Enter, or press ? or * to list all spells.
You grow a pair of large bovine horns.
Your feet morph into talons.
You hit Crazy Yiuf but do no damage.
Crazy Yiuf is poisoned.
Your kick misses Crazy Yiuf.
You headbutt Crazy Yiuf, but do no damage.
You bite Crazy Yiuf, but do no damage.
Crazy Yiuf hits you with a +4 quarterstaff of chaos!
You completely miss Crazy Yiuf. You claw Crazy Yiuf.
You bite Crazy Yiuf, but do no damage.
Crazy Yiuf is lightly wounded.
Crazy Yiuf zaps a wand.
The puff of flame misses you.
You barely miss Crazy Yiuf. Your kick misses Crazy Yiuf.
Crazy Yiuf is lightly wounded.
Crazy Yiuf twirls on the spot.
Crazy Yiuf hits you with a +4 quarterstaff of chaos!
Crazy Yiuf attacks as you move away!
Crazy Yiuf hits you with a +4 quarterstaff of chaos.
Space warps horribly around you!
* * * LOW HITPOINT WARNING * * *
You feel better.
Crazy Yiuf hits you with a +4 quarterstaff of chaos!
* * * LOW HITPOINT WARNING * * *
You barely miss Crazy Yiuf.
Crazy Yiuf is moderately wounded.
Crazy Yiuf hits you with a +4 quarterstaff of chaos!
You die...

### ♣♣#### #)..#♣♣
♣♣..#)##
#...'g♣♣♣♣).....#
#...#♣@.♣.....).####
### ♣♣♣.♣..)#.....##
♣♣♣♣♣###.....###
#.........
#.........
.............
..#..........
....#.........
..<$.#......##


You could see Crazy Yiuf (poisoned).

Vanquished Creatures
  Sigmund (D:2)
  An ice beast (D:4)
  A bullfrog (D:4)
  A scorpion (D:4)
  An orc priest (D:5)
  Terence (D:3)
  3 iguanas
  A sleepcap (D:4)
  2 adders
  A shadow imp (D:5)
  A white imp (D:5)
  A worm (D:3)
  2 dart slugs (D:1)
  An orc (D:4)
  3 endoplasms
  4 giant cockroaches
  7 goblins
  4 hobgoblins
  7 jackals (D:2)
  7 kobolds
  5 quokkas
  11 ball pythons
  4 bats
  2 frilled lizards
  17 rats
89 creatures vanquished.

Notes
Turn   | Place    | Note
-------+----------+-------------------------------------------
     0 | D:1      | croobank the Gnoll Transmuter began the quest for the Orb.
     0 | D:1      | Reached XP level 1. HP: 17/17 MP: 6/6
   175 | D:1      | Found Tuloihij's Weapon Shop.
   214 | D:1      | Reached XP level 2. HP: 19/23 MP: 5/7
   217 | D:1      | Learned a level 2 spell: Wereblood
   390 | D:1      | Found Osuew's Jewellery Emporium.
   487 | D:1      | Reached skill level 5 in Spellcasting
   487 | D:1      | Reached XP level 3. HP: 28/28 MP: 5/9
   491 | D:1      | Learned a level 3 spell: Spider Form
   631 | D:1      | Found Zihock's Assorted Antiques.
   647 | D:1      | Bought a cyan potion for 19 gold pieces
   647 | D:1      | Bought a fizzy golden potion for 19 gold pieces
   881 | D:1      | Found Elaleipih's Weapon Shop.
   903 | D:1      | Reached skill level 1 in Invocations
   904 | D:1      | Found Vupp's Distillery.
  1012 | D:1      | Bought a scroll labelled SURYRAJUIRR for 22 gold pieces
  1339 | D:2      | Reached skill level 1 in Short Blades
  1339 | D:2      | Reached skill level 1 in Long Blades
  1339 | D:2      | Reached skill level 1 in Axes
  1339 | D:2      | Reached skill level 1 in Maces & Flails
  1339 | D:2      | Reached skill level 1 in Polearms
  1339 | D:2      | Reached skill level 1 in Staves
  1339 | D:2      | Reached skill level 1 in Ranged Weapons
  1339 | D:2      | Reached skill level 1 in Throwing
  1339 | D:2      | Reached skill level 1 in Armour
  1339 | D:2      | Reached skill level 1 in Stealth
  1339 | D:2      | Reached skill level 1 in Shields
  1339 | D:2      | Reached skill level 1 in Evocations
  1540 | D:2      | Noticed Sigmund
  1563 | D:2      | Killed Sigmund
  1564 | D:2      | Reached skill level 1 in Conjurations
  1564 | D:2      | Reached skill level 1 in Hexes
  1564 | D:2      | Reached skill level 1 in Summonings
  1564 | D:2      | Reached skill level 1 in Necromancy
  1564 | D:2      | Reached skill level 1 in Translocations
  1564 | D:2      | Reached skill level 1 in Fire Magic
  1564 | D:2      | Reached skill level 1 in Ice Magic
  1564 | D:2      | Reached skill level 1 in Air Magic
  1564 | D:2      | Reached skill level 1 in Earth Magic
  1564 | D:2      | Reached skill level 1 in Poison Magic
  1564 | D:2      | Reached XP level 4. HP: 35/35 MP: 2/11
  1564 | D:2      | Reached XP level 5. HP: 41/41 MP: 2/12
  1564 | D:2      | Reached XP level 6. HP: 47/47 MP: 2/13
  1659 | D:2      | Found a faded altar of an unknown god.
  2094 | D:1      | Bought a potion of heal wounds for 50 gold pieces
  2094 | D:1      | Bought a potion of curing for 30 gold pieces
  2421 | D:3      | Reached skill level 5 in Dodging
  2431 | D:3      | Found a hazy altar of Hepliaklqana.
  2607 | D:3      | Noticed Terence
  2611 | D:3      | Killed Terence
  3326 | D:4      | Noticed an ice beast
  3340 | D:4      | HP: 2/47 [ice beast (6)]
  3343 | D:4      | Killed an ice beast
  3543 | D:4      | Learned a level 4 spell: Ice Form
  3559 | D:4      | Reached skill level 7 in Unarmed Combat
  3559 | D:4      | Reached XP level 7. HP: 42/52 MP: 12/15
  3985 | D:5      | Entered Level 5 of the Dungeon
  4741 | D:1      | Bought a potion of invisibility for 80 gold pieces
  4872 | D:5      | Found a staircase to the Ecumenical Temple.
  4881 | Temple   | Entered the Ecumenical Temple
  5086 | Temple   | Became a worshipper of Qazlal Stormbringer
  5405 | D:5      | Found a runed translucent door.
  5406 | D:5      | Noticed Crazy Yiuf
  5416 | D:5      | Slain by Crazy Yiuf

Illustrated notes

Levels and vault maps discovered:
D:1:      dpeg_arrival_subterranean_lakeside_camping, layout_loops_cross,
          serial_shops, nicolae_shop_tiny_statue_garden, nicolae_shop_stone,
          nicolae_shop_pleasant_corner_grove, nicolae_diamond_shop,
          nicolae_shop_tiny_statue_garden
D:2:      layout_loops_ring, ebering_ecumenical_altar_webs, uniq_sigmund
D:3:      layout_loops_ring, mainiacjoe_overflow_concentric_impassable,
          uniq_terence
D:4:      layout_loops_corners, grunt_decor_clamped
D:5:      layout_loops_corners, minmay_temple_entry_stoned_glass,
          uniq_crazy_yiuf_cottage
Temple:   minmay_temple_forest_path

Skill      XL: |  1  2  3  4  5  6  7 |
---------------+----------------------+-----
Spellcasting   | 5 |  5.7
Invocations    | 2 3 |  3.0
Short Blades   | 1 2 |  2.7
Long Blades    | 1 2 |  2.7
Axes           | 1 2 |  2.7
Maces & Flails | 1 2 |  2.7
Polearms       | 1 2 |  2.7
Staves         | 1 2 |  2.7
Ranged Weapons | 1 2 |  2.7
Throwing       | 1 2 |  2.7
Armour         | 1 2 |  2.7
Stealth        | 1 2 |  2.7
Shields        | 1 2 |  2.7
Evocations     | 1 2 |  2.7
Fighting       | 3 |  3.8
Conjurations   | 1 2 |  2.2
Hexes          | 1 2 |  2.2
Summonings     | 1 2 |  2.2
Necromancy     | 1 2 |  2.2
Translocations | 1 2 |  2.2
Transmutations | 4 |  4.4
Fire Magic     | 1 2 |  2.2
Ice Magic      | 1 2 |  2.2
Air Magic      | 1 2 |  2.2
Earth Magic    | 1 2 |  2.2
Poison Magic   | 1 2 |  2.2
Dodging        | 5 |  5.3
Unarmed Combat | 7 |  7.1

Action                     |  1- 3 |  4- 6 |  7- 9 || total
---------------------------+-------+-------+-------++-------
  Melee: Dagger            |    25 |       |       ||    25
         Unarmed           |     8 |       |       ||     8
         Kick              |    19 |    28 |    18 ||    65
         Headbutt          |     8 |    11 |     4 ||    23
         Bite              |     5 |     6 |     7 ||    18
         Whip              |    64 |    82 |    49 ||   195
         Punch             |     3 |     1 |     2 ||     6
   Cast: Beastly Appendage |    25 |    21 |     6 ||    52
         Wereblood         |    20 |    19 |     6 ||    45
    Use: Scroll            |     1 |     3 |     2 ||     6
         Potion            |       |     2 |     2 ||     4
   Stab: Sleeping          |     3 |     3 |     1 ||     7
 Armour: Robe              |     8 |     5 |     4 ||    17
  Dodge: Dodged            |    69 |    50 |    25 ||   144
